 Dungeon Crawl Stone Soup version 0.30-a0-422-g946f4849ff (webtiles) character file.

Game seed: 10058410136044738093

193692 Pooter the Severer (level 17, 0/156 HPs)
             Began as a Minotaur Fighter on Dec 7, 2022.
             Was a High Priest of Okawaru.
             Slain by Arachne
             ... wielding a staff of poison
              (7 damage)
             ... in the Arena on Dec 8, 2022.
             The game lasted 03:46:41 (47583 turns).

Pooter the Severer (Minotaur Fighter)              Turns: 47583, Time: 03:46:42

Health: 0/156      AC: 21    Str: 34    XL:     17   Next: 65%
Magic:  16/24      EV: 17    Int: 10    God:    Okawaru [*****.]
Gold:   1347       SH:  5    Dex: 25    Spells: 16/16 levels left

rFire   + + .      SeeInvis +    a - +3 battleaxe (venom)
rCold   + . .      Faith    .    (shield currently unavailable)
rNeg    + + .      Spirit   .    B - +4 chain mail of Uwexoa {Fly Str+3 Int+6}
rPois   +          Reflect  +    (helmet restricted)
rElec   +          Harm     .    C - scarf {rC+ rF+}
rCorr   +          Rampage  .    m - +1 pair of gloves "Seic" {rN+ Will+ Str+6 SInv}
Will    +++..                    Z - +0 pair of boots "Zirile" {rElec SInv}
Stlth   ++........               n - amulet of reflection
HPRegen 0.46/turn                F - ring "Nel Suir" {rF+ rN+ rCorr Str+2}
MPRegen 0.19/turn                h - +6 ring of dexterity

@: lethally poisoned (0 -> -10), heroic, flying, studying Unarmed Combat,
duelling
A: horns 2, retaliatory headbutt, agile 1, strong-willed 1, poison resistance
}: 1/15 runes: barnacled
a: Renounce Religion, Heroism, Finesse, Duel


You were in the Arena.
You worshipped Okawaru.
Okawaru was extremely pleased with you.
You visited 6 branches of the dungeon, and saw 29 of its levels.
You also visited: Ossuary and Bailey.

You collected 3431 gold pieces.
You spent 2084 gold pieces at shops.

Inventory:

Hand Weapons
 a - a +3 battleaxe of venom (weapon)
   (You took it off a wight on level 6 of the Dungeon)
 b - a +3 arbalest of flaming
   (You took it off an orc warrior on level 2 of the Orcish Mines)
 z - a +2 war axe of flaming
   (Okawaru gifted it to you on level 5 of the Lair of Beasts)
 O - a +1 vorpal executioner's axe
   (Okawaru gifted it to you on level 1 of the Shoals)
 V - a +2 broad axe of electrocution
   (You took it off a merfolk aquamancer on level 4 of the Shoals)
Missiles
 p - 5 boomerangs of dispersal {!f}
 u - 11 atropa-tipped darts
 w - 10 curare-tipped darts
 y - 19 silver javelins
 R - 12 javelins
 S - 8 silver boomerangs
 W - 59 boomerangs (quivered)
Armour
 m - the +1 pair of gloves "Seic" (worn) {rN+ Will+ Str+6 SInv}
   (You found it on level 8 of the Dungeon)

   Str:       It affects your strength (+6).
   rN:        It protects you from negative energy.
   SInv:      It lets you see invisible.
   Will:      It increases your willpower.
 B - the +4 chain mail of Uwexoa (worn) {Fly Str+3 Int+6}
   (You found it on level 9 of the Dungeon)

   Str:       It affects your strength (+3).
   Int:       It affects your intelligence (+6).
   Fly:       It grants you flight.
 C - a scarf of resistance (worn)
   (You found it on level 1 of the Shoals)
 Z - the +0 pair of boots "Zirile" (worn) {rElec SInv}
   (Okawaru gifted it to you on level 15 of the Dungeon)

   rElec:     It insulates you from electricity.
   SInv:      It lets you see invisible.
Jewellery
 h - a +6 ring of dexterity (right hand)
   (You found it on level 5 of the Lair of Beasts)
 n - an amulet of reflection (around neck)
   (You found it on level 12 of the Dungeon)
 s - a ring of protection from fire
   (You found it on level 4 of the Dungeon)
 F - the ring "Nel Suir" (left hand) {rF+ rN+ rCorr Str+2}
   (You found it in a bailey)

   [ring of resist corrosion]

   Str:       It affects your strength (+2).
   rF:        It protects you from fire.
   rN:        It protects you from negative energy.
   rCorr:     It protects you from acid and corrosion.
 G - an amulet of regeneration
   (You found it on level 2 of the Shoals)
 I - a ring of protection from cold
   (You found it on level 8 of the Dungeon)
 M - the dreamshard necklace {*Dream Drain}
   (You took it off a merfolk siren on level 4 of the Shoals)

   [amulet of nothing]

   It shatters if its wearer takes lethal or near-lethal damage, preventing the
   blow and releasing protective dreams that heal and fight for the wearer.
   Drain:     It drains your maximum health when unequipped.
 N - a ring of positive energy
   (You found it on level 1 of the Lair of Beasts)
Wands
 d - a wand of iceblast (15)
   (You bought it in a shop on level 2 of the Orcish Mines)
 f - a wand of flame (11)
   (You found it on level 6 of the Dungeon)
 x - a wand of acid (10)
   (You found it on level 3 of the Lair of Beasts)
 D - a wand of digging (18)
   (You found it on level 8 of the Dungeon)
 H - a wand of polymorph (16)
   (You found it on level 4 of the Shoals)
 T - a wand of mindburst (11)
   (You bought it in a shop on level 2 of the Orcish Mines)
Scrolls
 c - 5 scrolls of enchant armour
 i - 6 scrolls of identify {@r1}
 k - 5 scrolls of magic mapping
 l - 3 scrolls of poison {!r}
 o - 2 scrolls of silence
 r - a scroll of blinking
 t - 8 scrolls of teleportation {@r4}
 v - 3 scrolls of fear
 A - 3 scrolls of noise {!r}
 U - a scroll of fog
 Y - 4 scrolls of immolation {!r}
Potions
 e - 5 potions of mutation {!q}
 g - 2 potions of heal wounds {@q2}
 q - 6 potions of attraction {!q}
 E - 11 potions of curing {@q1}
 J - 4 potions of might
 K - a potion of resistance
 L - 9 potions of flight
 P - 2 potions of haste {@q3}
 X - 5 potions of lignification {!q}
Miscellaneous
 Q - a condenser vane
   (You bought it in a shop on level 2 of the Orcish Mines)


   Skills:
 + Level 15.2(20.2) Fighting
 + Level 20.0(25.0) Axes
 - Level 18.0(23.0) Ranged Weapons
 * Level 5.8(10.8) Throwing
 + Level 10.0(15.0) Armour
 + Level 4.4(9.4) Dodging
 + Level 3.6(8.6) Stealth
 - Level 3.6(8.6) Shields
 + Level 11.3 Invocations
 - Level 10.3 Evocations


You had 16 spell levels left.
You didn't know any spells.
Your spell library contained the following spells:

 Spells                   Type           Power      Damage    Failure   Level
 Apportation              Tloc           0%         N/A       71%         1
 Beastly Appendage        Tmut           0%         N/A       71%         1
 Necrotise                Necr           0%         1d4       71%         1
 Sting                    Tmut/Pois      0%         1d3       71%         1
 Ensorcelled Hibernation  Hex/Ice        0%         N/A       85%         2
 Poisonous Vapours        Pois/Air       0%         N/A       85%         2
 Sublimation of Blood     Necr           0%         N/A       85%         2
 Wereblood                Tmut           0%         N/A       85%         2
 Ozocubu's Armour         Ice            0%         N/A       97%         3
 Spider Form              Tmut/Pois      0%         N/A       97%         3
 Vampiric Draining        Necr           0%         2d6       97%         3
 Anguish                  Hex/Necr       0%         N/A       100%        4
 Olgreb's Toxic Radiance  Pois           0%         N/A       100%        4
 Agony                    Necr           0%         N/A       100%        5
 Borgnjor's Vile Clutch   Necr/Erth      0%         N/A       100%        5
 Metabolic Englaciation   Hex/Ice        0%         N/A       100%        5
 Enfeeble                 Hex            0%         N/A       100%        7
 Summon Small Mammal      Summ           Unusable   N/A       N/A         1
 Animate Dead             Necr           Unusable   N/A       N/A         4
 Death Channel            Necr           Unusable   N/A       N/A         6
 Simulacrum               Ice/Necr       Unusable   N/A       N/A         6
 Summon Hydra             Summ           Unusable   N/A       N/A         7

Dungeon Overview and Level Annotations

Branches:
Dungeon (15/15)            Temple (1/1) D:6            Lair (5/5) D:10
 Shoals (4/4) Lair:2       Spider (2/4) Lair:3        Slime (0/5) Lair:5
    Orc (2/2) D:11            Elf (0/3) Orc:2        Vaults (0/5) D:14
 Depths (0/4) D:15        Ossuary (visited)          Bailey (visited)

Altars:
Ashenzari
Cheibriados
Dithmenos
Elyvilon
Fedhas
Gozag
Hepliaklqana
Makhleb
Nemelex Xobeh
Okawaru
Qazlal
Ru
Sif Muna
Trog
Uskayaw
Vehumet
Wu Jian
Xom
Yredelemnul
Zin
The Shining One
Jiyva

Shops:
D:5 (   D:10 :   Orc:2 *((**   Shoals:3 **

Annotations:
Temple 2 transporters
Shoals:1 6 transporters
Shoals:3 2 transporters, Tagont's ghost, adept DsGl Arena Arachne


Innate Abilities, Weirdness & Mutations

You have a pair of horns on your head.
You reflexively headbutt those who attack you in melee.
You are agile. (Dex +4, Str/Int -1)
You are strong-willed. (Will+)
Your system is resistant to poisons. (rPois)


Message History

The world spins around you as you enter the gateway.
You enter Okawaru's Arena!
You feel sick.
The spectator shouts! x9
Arachne completely misses you. You furiously retaliate!
You headbutt Arachne.
Found a gate leading back out of this place.
There is an empty arch of ancient stone here.
The spectator shouts!
You slice Arachne!!
Arachne looks as sick as possible!
You feel sick.
Arachne stares at you and mumbles some strange words.
The bolt of poison hits you.
You are more poisoned.
You resist.
You barely miss Arachne. You headbutt Arachne.
You feel very sick.
Arachne mumbles some strange words.
Arachne blinks!
You feel very sick.
Arachne hits you with a staff of poison!
Arachne envenoms you!
* * * LOW HITPOINT WARNING * * *
Arachne hits you with a staff of poison!
* * * LOW HITPOINT WARNING * * *
Arachne envenoms you.
* * * LOW HITPOINT WARNING * * *
You open Arachne like a pillowcase!!! You headbutt Arachne, but do no damage.
You feel very sick.
Arachne says, "Come to my web."
You block Arachne's attack.
You slice Arachne!! You headbutt Arachne!
You feel very sick.
Arachne says, "You'll find yourself a bit attached to my weave."
Arachne closely misses you. You furiously retaliate!
You headbutt Arachne!! You chop Arachne into pieces!!!
You feel very sick.
Arachne stares at you and mumbles some strange words.
The bolt of poison hits you! You resist.
* * * LOW HITPOINT WARNING * * *
Unknown command.
You completely miss Arachne.
You feel sick.
Arachne hits you with a staff of poison.
* * * LOW HITPOINT WARNING * * *
Arachne envenoms you!
* * * LOW HITPOINT WARNING * * *
You are more poisoned.
You barely miss Arachne.
You feel sick.
Arachne hits you with a staff of poison!
* * * LOW HITPOINT WARNING * * *
Arachne envenoms you!
You die...
Okawaru crowns Arachne victorious!

#########
##..▓▓▓..##
##.p▓▓.▓▓p.##
##.p▓▓...▓▓p.##
#.p▓▓.....▓▓..#
#.▓▓.......▓▓.#
#▓▓.........▓p#
#∩▓....∩....▓#
#▓▓...@.....▓p#
#.▓▓..H....▓▓.#
#.p▓▓.....▓▓..#
##.p▓▓...▓▓p.##
##.p▓▓.▓▓p.##
##..▓▓▓..##
#########


You could see Arachne (extremely poisoned).

Vanquished Creatures
  3 acid blobs (Lair:5)
  Polyphemus (Shoals:2)
  A kraken (Shoals:3)
  A storm dragon (Shoals:4)
  The ghost of JOEMAMA2 the Executioner, a journeyman MiBe of Trog (Orc:2)
  2 ghost moths (Spider:1)
  An orc warlord (Bailey)
  A spark wasp (Spider:2)
  5 merfolk impalers
  An ettin (D:15)
  2 entropy weavers
  4 merfolk javelineers (Shoals:4)
  5 vault guards (D:14)
  A merfolk avatar (Shoals:2)
  7 hydras
  2 catoblepae
  2 ogre magi
  9 merfolk aquamancers
  2 alligator snapping turtles
  3 radroaches (Spider:2)
  8 two-headed ogres
  Erica (Orc:1)
  4 jorogumos
  A deep troll shaman (Lair:5)
  A death knight (D:15)
  A boulder beetle (D:14)
  A satyr (Shoals:3)
  8 death yaks
  5 centaur warriors
  2 tengu warriors (D:15)
  Urug (Orc:2)
  A hell knight (D:15)
  A skeletal warrior (D:15)
  2 pharaoh ants (Spider:2)
  10 sea snakes
  A sun moth (Spider:2)
  2 steelbarb worms (Spider:2)
  An obsidian statue (D:15)
  An orb spider (Spider:2)
  A phantasmal warrior (D:15)
  A wizard (D:14)
  2 lindwurms (Lair:5)
  25 harpies
  5 orc knights
  6 wolf spiders
  4 cyclopes
  13 ugly things
  An orc sorcerer (Orc:1)
  2 deep elf pyromancers
  2 moths of wrath (Spider:1)
  13 manticores
  16 fauns
  10 elephants
  8 merfolk sirens
  A black mamba (Lair:5)
  Joseph (D:8)
  13 water nymphs
  3 torpor snails
  2 gargoyles
  12 cane toads
  An unseen horror (D:12)
  3 demonic crawlers
  10 komodo dragons
  A yaktaur (D:14)
  3 rime drakes
  3 tengu conjurers
  5 harpy zombies (Shoals:3)
  4 kobold demonologists
  10 wind drakes
  8 trolls
  24 merfolk
  4 polar bears
  3 meliai (Spider:2)
  13 tarantellas
  3 slime creatures (D:12)
  26 blink frogs
  11 snapping turtles
  5 dream sheep
  24 jumping spiders
  12 culicivoras
  3 air elementals (Shoals:4)
  47 yaks
  28 water elementals
  A wraith (D:15)
  A centaur simulacrum (D:11)
  5 wyverns
  4 basilisks
  A human (D:14)
  36 redbacks
  8 vampire mosquitoes
  A warg (Orc:1)
  Edmund (D:4)
  An acid dragon (shapeshifter) (D:13)
  6 water moccasins
  33 orc warriors
  5 black bears
  3 ice beasts (D:11)
  A manticore zombie (Shoals:3)
  A sky beast (D:6)
  21 wolves
  21 centaurs
  12 ogres
  3 kobold brigands
  An elf zombie (D:6)
  2 gnoll sergeants
  13 bullfrogs
  2 necrophages
  7 scorpions
  16 wights
  An elf skeleton (D:6)
  7 killer bees
  8 howler monkeys
  2 electric eels (D:10)
  2 jellies (D:7)
  7 hounds
  A human zombie (D:6)
  10 orc priests
  A gnoll bouda (D:5)
  2 human skeletons (D:6)
  3 iguanas
  19 orc wizards
  Natasha (twice) (D:2)
  6 hell rats (Lair:5)
  8 mummies (Ossuary)
  9 adders
  16 gnolls
  4 white imps (D:11)
  3 ufetubi
  3 worms
  5 dart slugs
  70 orcs
  A bat zombie (Shoals:3)
  3 endoplasms
  4 giant cockroaches
  9 hobgoblins
  4 jackals
  5 quokkas
  7 ball pythons
  4 bats
  3 frilled lizards (D:1)
  2 gnoll zombies (Ossuary)
  9 goblins
  31 kobolds
  2 kobold zombies (Ossuary)
  An orc skeleton (D:6)
  4 orc zombies (Ossuary)
  2 rats
  A plant (Lair:3)
  2 tentacles (Shoals:3)
987 creatures vanquished.

Vanquished Creatures (others)
  An unseen horror (D:13)
  3 orcs
  18 fungi
  132 plants
  2 tentacles (Shoals:3)
156 creatures vanquished.

Grand Total: 1143 creatures vanquished

Notes
Turn   | Place    | Note
-------+----------+-------------------------------------------
     0 | D:1      | Pooter the Minotaur Fighter began the quest for the Orb.
     0 | D:1      | Reached XP level 1. HP: 19/19 MP: 0/0
   156 | D:1      | Reached skill level 3 in Axes
   161 | D:1      | Reached XP level 2. HP: 25/27 MP: 1/1
   350 | D:1      | Reached XP level 3. HP: 32/33 MP: 2/2
   663 | D:2      | Reached skill level 4 in Axes
  1151 | D:2      | Noticed Natasha
  1154 | D:2      | Killed Natasha
  1155 | D:2      | Reached XP level 4. HP: 41/41 MP: 3/3
  1226 | D:2      | Noticed Natasha
  1242 | D:2      | Killed Natasha
  1371 | D:3      | Reached skill level 5 in Axes
  1392 | D:3      | Found a white marble altar of Elyvilon.
  1927 | D:4      | Reached XP level 5. HP: 47/47 MP: 4/4
  1972 | D:4      | Reached skill level 5 in Fighting
  1972 | D:4      | Reached skill level 1 in Ranged Weapons
  1978 | D:4      | Found a hide-covered altar of Uskayaw.
  2136 | D:4      | Reached skill level 6 in Axes
  2136 | D:4      | Reached XP level 6. HP: 43/56 MP: 5/5
  2187 | D:4      | Identified the +1 robe of Dimaqeth {Int+3}
  2194 | D:4      | Noticed Edmund
  2199 | D:4      | Killed Edmund
  2637 | D:4      | Found a shimmering altar of Xom.
  2769 | D:5      | Entered Level 5 of the Dungeon
  2831 | D:5      | Reached XP level 7. HP: 57/62 MP: 6/6
  2834 | D:5      | Found a snail-covered altar of Cheibriados.
  2863 | D:5      | Reached skill level 7 in Axes
  3174 | D:5      | Found Ulello's Weapon Emporium.
  3725 | D:6      | Reached skill level 5 in Ranged Weapons
  3744 | D:6      | Reached skill level 8 in Axes
  3744 | D:6      | Reached XP level 8. HP: 71/71 MP: 7/7
  3794 | D:6      | Reached skill level 1 in Evocations
  4065 | D:6      | Found a sand-covered staircase.
  4075 | Ossuary  | Entered an ossuary
  4183 | Ossuary  | Reached skill level 9 in Axes
  4508 | D:6      | Found a staircase to the Ecumenical Temple.
  4516 | Temple   | Entered the Ecumenical Temple
  4516 | Temple   | Found a transporter.
  4516 | Temple   | Found a transporter.
  4518 | Temple   | Found a transporter.
  4518 | Temple   | Found a transporter.
  4529 | Temple   | Became a worshipper of Warmaster Okawaru
  4909 | D:7      | Reached XP level 9. HP: 79/79 MP: 8/8
  4913 | D:7      | Reached * piety under Okawaru
  5275 | D:7      | Reached skill level 10 in Axes
  5613 | D:7      | Reached skill level 1 in Invocations
  5874 | D:8      | You fall into a shaft and drop 3 floors!
  5880 | D:11     | Noticed a troll
  5897 | D:11     | Found a staircase to the Orcish Mines.
  5981 | D:10     | Entered Level 10 of the Dungeon
  6002 | D:10     | Found a staircase to the Lair.
  6020 | D:10     | Reached ** piety under Okawaru
  6041 | D:10     | Found a flagged portal.
  6047 | D:10     | Noticed a troll
  6060 | D:10     | Killed a troll
  6061 | D:10     | Reached XP level 10. HP: 40/88 MP: 3/10
  6201 | Bailey   | Entered a bailey
  6207 | Bailey   | Noticed an orc warlord
  6214 | Bailey   | Reached skill level 11 in Axes
  6373 | Bailey   | Found a runed translucent gate.
  6375 | Bailey   | Found a runed translucent gate.
  6377 | Bailey   | Found a runed translucent gate.
  6443 | Bailey   | Killed an orc warlord
  6443 | Bailey   | Reached *** piety under Okawaru
  6552 | Bailey   | Acquired a ring of flight
  6554 | Bailey   | Identified the ring "Nel Suir" {rF+ rN+ rCorr Str+2}
  6750 | D:10     | Noticed a red ugly thing
  6762 | D:10     | Killed a red ugly thing
  7195 | D:9      | Identified the +4 chain mail of Uwexoa {Fly Str+3 Int+6}
  7266 | D:8      | Noticed a two-headed ogre
  7269 | D:8      | Noticed Joseph
  7274 | D:8      | Killed a two-headed ogre
  7275 | D:8      | Reached skill level 12 in Axes
  7275 | D:8      | Reached skill level 10 in Ranged Weapons
  7359 | D:8      | Killed Joseph
  7359 | D:8      | Reached **** piety under Okawaru
  7760 | D:8      | Identified the +1 pair of gloves "Seic" {rN+ Will+ Str+6
                  | SInv}
  7792 | D:9      | Found a basalt altar of Yredelemnul.
  7797 | D:9      | Reached skill level 5 in Evocations
  7797 | D:9      | Reached XP level 11. HP: 97/97 MP: 13/13
  8830 | D:10     | Noticed a two-headed ogre
  8834 | D:10     | Killed a two-headed ogre
  9006 | D:10     | Found Pecrur's Book Emporium.
  9234 | D:10     | Noticed a two-headed ogre
  9239 | D:10     | Killed a two-headed ogre
 10124 | Orc:1    | Entered Level 1 of the Orcish Mines
 10125 | Orc:1    | Noticed Erica
 10125 | Orc:1    | Noticed an orc knight
 10225 | D:11     | Killed an orc knight
 10231 | D:11     | Reached skill level 13 in Axes
 10234 | D:11     | Reached ***** piety under Okawaru
 10294 | D:11     | Reached skill level 5 in Invocations
 10460 | Orc:1    | Killed Erica
 10461 | Orc:1    | Reached skill level 10 in Fighting
 10599 | Orc:2    | Entered Level 2 of the Orcish Mines
 10599 | Orc:2    | Found a staircase to the Elven Halls.
 10715 | Orc:1    | Noticed a two-headed ogre
 10715 | Orc:1    | Noticed a two-headed ogre
 10744 | Orc:1    | Killed a two-headed ogre
 11062 | Orc:1    | Noticed an ogre mage
 11065 | Orc:1    | Killed a two-headed ogre
 11067 | Orc:1    | Noticed a two-headed ogre
 11072 | Orc:1    | Killed an ogre mage
 11074 | Orc:1    | Killed a two-headed ogre
 11269 | Orc:1    | Noticed an orc sorcerer
 11301 | Orc:1    | Killed an orc sorcerer
 11302 | Orc:1    | Reached XP level 12. HP: 50/107 MP: 5/15
 11909 | Orc:2    | Found a runed translucent gate.
 11910 | Orc:2    | Found a runed translucent gate.
 11911 | Orc:2    | Found a runed translucent gate.
 11912 | Orc:2    | Found an opulent altar of Gozag.
 11913 | Orc:2    | Found Majuh's Assorted Antiques.
 11913 | Orc:2    | Noticed JOEMAMA2's ghost (journeyman MiBe)
 11950 | Orc:2    | Killed JOEMAMA2's ghost
 11951 | Orc:2    | Reached skill level 14 in Axes
 12130 | Orc:2    | Bought a viscous orange potion for 25 gold pieces
 12130 | Orc:2    | Bought 2 dark potions for 50 gold pieces
 12130 | Orc:2    | Bought a sapphire potion for 25 gold pieces
 12130 | Orc:2    | Bought a viscous orange potion for 25 gold pieces
 12130 | Orc:2    | Bought a scroll of blinking for 210 gold pieces
 12334 | Orc:2    | Noticed Urug
 12350 | Orc:2    | Killed Urug
 12506 | Orc:2    | Received a gift from Okawaru
 13362 | Orc:2    | Found Byapn's Weapon Emporium.
 13362 | Orc:2    | Found Zycsebre's General Store.
 13362 | Orc:2    | Found Voitz's General Store.
 13365 | Orc:2    | Found Heem's Weapon Shoppe.
 13370 | Orc:2    | Bought a scroll of noise for 17 gold pieces
 13372 | Orc:2    | Bought a potion of curing for 48 gold pieces
 13372 | Orc:2    | Bought a condenser vane for 640 gold pieces
 13372 | Orc:2    | Bought a scroll of identify for 32 gold pieces
 13372 | Orc:2    | Bought a potion of degeneration for 16 gold pieces
 13379 | Orc:2    | Bought 5 silver javelins for 156 gold pieces
 14105 | D:11     | Identified the +3 trident "Ocun" {vorpal, rF+}
 14170 | Lair:1   | Entered Level 1 of the Lair of Beasts
 14171 | Lair:1   | Upgraded the game from 0.30-a0-394-g3e4acdb0ae to
                  | 0.30-a0-414-gcb316572d5
 14486 | Orc:2    | Bought a wand of mindburst (6) for 134 gold pieces
 14486 | Orc:2    | Bought a wand of digging (5) for 336 gold pieces
 14488 | Orc:2    | Bought a wand of iceblast (5) for 204 gold pieces
 14488 | Orc:2    | Bought a wand of mindburst (7) for 166 gold pieces
 14888 | Lair:1   | Reached skill level 15 in Axes
 15008 | Lair:1   | Reached XP level 13. HP: 116/116 MP: 17/17
 15144 | Lair:1   | Reached ****** piety under Okawaru
 15144 | Lair:1   | Received a gift from Okawaru
 16134 | Lair:2   | Found a staircase to the Shoals.
 17023 | Lair:3   | Found a hole to the Spider Nest.
 17181 | Lair:3   | Reached skill level 16 in Axes
 17370 | Lair:3   | Identified the +3 scale mail "Wipak" {Dex+4}
 17750 | Lair:3   | Identified the +2 war axe of Integrity {vorpal, Int+3}
                  | (Okawaru gifted it to you on level 3 of the Lair of Beasts)
 17750 | Lair:3   | Received a gift from Okawaru
 18998 | Lair:5   | Entered Level 5 of the Lair of Beasts
 19214 | Lair:5   | Reached XP level 14. HP: 105/126 MP: 15/19
 20081 | Lair:5   | Found a burning altar of Makhleb.
 20288 | Lair:5   | Found a runed translucent door.
 20290 | Lair:5   | Found a viscous altar of Jiyva.
 20292 | Lair:5   | Noticed an acid blob
 20293 | Lair:5   | Found a staircase to the Slime Pits.
 20293 | Lair:5   | Noticed an acid blob
 20293 | Lair:5   | Noticed an acid blob
 20302 | Lair:5   | Killed an acid blob
 20307 | Lair:5   | Killed an acid blob
 20307 | Lair:5   | Received a gift from Okawaru
 20319 | Lair:5   | Killed an acid blob
 20906 | Lair:5   | Reached skill level 17 in Axes
 20906 | Lair:5   | Reached skill level 15 in Ranged Weapons
 22361 | D:13     | Reached skill level 5 in Armour
 22467 | D:13     | Received a gift from Okawaru
 22699 | D:13     | Found a sacrificial altar of Ru.
 23136 | D:14     | Found a stormy altar of Qazlal.
 23212 | D:14     | Identified the +1 leather armour "Maedul" {rN+ SInv Stlth+}
 24357 | D:14     | Found a gate to the Vaults.
 24377 | D:14     | Reached XP level 15. HP: 114/136 MP: 20/20
 24984 | D:15     | Entered Level 15 of the Dungeon
 25351 | D:15     | Found a staircase to the Depths.
 25744 | D:15     | Reached skill level 18 in Axes
 26197 | D:15     | Identified the +0 pair of boots "Zirile" {rElec SInv}
                  | (Okawaru gifted it to you on level 15 of the Dungeon)
 26197 | D:15     | Received a gift from Okawaru
 27166 | Shoals:1 | Entered Level 1 of the Shoals
 27166 | Shoals:1 | Found a transporter.
 27166 | Shoals:1 | Found a transporter.
 28271 | Shoals:1 | Found a transporter.
 28275 | Shoals:1 | Found a transporter.
 28921 | Shoals:1 | Found a transporter.
 28921 | Shoals:1 | Found a transporter.
 29686 | Shoals:2 | Upgraded the game from 0.30-a0-414-gcb316572d5 to
                  | 0.30-a0-422-g946f4849ff
 29764 | Shoals:2 | Reached skill level 10 in Invocations
 30483 | Shoals:2 | Reached XP level 16. HP: 119/146 MP: 22/22
 30593 | Shoals:2 | Noticed Polyphemus
 31302 | Arena    | Entered the Arena
 31617 | Shoals:1 | Reached skill level 19 in Axes
 31683 | Shoals:1 | Received a gift from Okawaru
 31705 | Shoals:2 | Killed Polyphemus
 31863 | Shoals:2 | Reached skill level 10 in Evocations
 32157 | Shoals:3 | Noticed Tagont's ghost (adept DsGl)
 33154 | Shoals:3 | Found a bloodstained altar of Trog.
 33192 | Shoals:3 | Found a transporter.
 33382 | Shoals:3 | Noticed a kraken
 33390 | Shoals:3 | Killed a kraken
 33656 | Shoals:3 | Found a transporter.
 33941 | Shoals:3 | Found Ixogrudo's General Store.
 33943 | Shoals:3 | Found Fayrchame's Specific Store.
 34243 | Shoals:3 | Identified the +2 cloak of Going Fast {rElec rF++ Str-4}
                  | (Okawaru gifted it to you on level 3 of the Shoals)
 34243 | Shoals:3 | Received a gift from Okawaru
 34406 | Shoals:4 | Entered Level 4 of the Shoals
 34406 | Shoals:4 | Found a blossoming altar of Fedhas.
 34664 | Shoals:4 | Found a stormy altar of Qazlal.
 34670 | Shoals:4 | Reached skill level 1 in Throwing
 35703 | Shoals:4 | Reached skill level 1 in Dodging
 36071 | Shoals:4 | Paralysed by an air elemental for 1 turns
 36075 | Shoals:4 | Paralysed by an air elemental for 1 turns
 36468 | Shoals:4 | Reached skill level 1 in Stealth
 38437 | Shoals:4 | Paralysed by an air elemental for 1 turns
 39098 | Shoals:4 | Reached XP level 17. HP: 56/154 MP: 22/24
 40145 | Shoals:4 | Identified the ring of the Komtur {Ice Will+ rCorr}
 40836 | Shoals:4 | Got a barnacled rune of Zot
 41563 | Spider:1 | Entered Level 1 of the Spider Nest
 41643 | Spider:1 | Gained mutation: You are strong-willed. (Will+) [potion of
                  | mutation]
 41643 | Spider:1 | Gained mutation: Your system is resistant to poisons.
                  | (rPois) [potion of mutation]
 41643 | Spider:1 | Gained mutation: You are agile. (Dex +4, Str/Int -1)
                  | [potion of mutation]
 44084 | Spider:1 | Reached skill level 15 in Fighting
 44872 | Spider:2 | Reached skill level 20 in Axes
 44874 | Spider:2 | Received a gift from Okawaru
 45153 | Spider:2 | Reached skill level 5 in Throwing
 46984 | Spider:2 | Received a gift from Okawaru
 47273 | Spider:2 | Received a gift from Okawaru
 47343 | Spider:2 | Reached skill level 10 in Armour
 47572 | Spider:2 | Noticed Arachne
 47575 | Arena    | Entered the Arena
 47583 | Arena    | HP: 7/156 [Arachne/staff of poison (17)]
 47583 | Arena    | Slain by Arachne

Illustrated notes

Levels and vault maps discovered:
D:1:      dpeg_arrival_arbitrary_c, layout_rooms, serial_aquarium,
          aquarium_bridge_straight [aquarium_subvault_bridge,
          aquarium_subvault_window, aquarium_subvault_bridge,
          aquarium_subvault_wall], aquarium_bridge_long_joined
          [aquarium_subvault_window, aquarium_subvault_wall,
          aquarium_subvault_balcony, aquarium_subvault_window,
          aquarium_subvault_bridge, aquarium_subvault_balcony],
          aquarium_window_fake, aquarium_window_2, aquarium_window_1,
          aquarium_view_2d, aquarium_balcony_1a, aquarium_pool_corner,
          minivault_24
D:2:      layout_basic, hangedman_decor_peaks_small, grunt_decor_fettered,
          minmay_worlds_worst_comb, uniq_natasha
D:3:      layout_rooms, elyvilon_altar_1
D:4:      layout_basic, mainiacjoe_overflow_brackets,
          nicolae_uskayaw_dance_hall, dreamdust_wishing_well, uniq_edmund
D:5:      layout_basic, kennysheep_slug_shrine, serial_shops,
          nicolae_shop_advertising_works [nicolae_subvault_shop_adworks],
          guppyfry_early_lair_pool
D:6:      layout_loops_ring, minmay_temple_entry_gardened_gates,
          nicolae_ossuary_entry_catacombs
D:7:      layout_rooms
D:8:      layout_cave_pools, nrook_mini_backslash, minmay_sticks_and_stones
D:9:      layout_irregular_city, mainiacjoe_overflow_six_doors_small
D:10:     layout_basic, erik_lair_island, lightli_bailey_entry_fortress,
          serial_shops, nicolae_shop_window_shopping
D:11:     layout_basic, orc_0_dummy, serial_ice, serial_ice_i, serial_ice_n,
          serial_ice_a, serial_ice_h, portal_ice_cave_rime
D:12:     layout_rooms
D:13:     layout_layer_cave, nicolae_ru_path_of_blood
D:14:     layout_loops_ring, grunt_vaults_entry_fortified,
          nicolae_qazlal_scattered_showers
D:15:     hangedman_depths_entry_civil_slaughter, layout_basic, minivault_5,
          minivault_16, minmay_misc_feat_x, grunt_decor_junction
Temple:   hellmonk_temple_divided_pantheon
Lair:1:   layout_cellular_growth, st_stairs_6, beast_lair_carwin_7,
          lemuel_fruit_tree
Lair:2:   layout_chaotic_city, shoals_dummy_entry, patterned_corridor
Lair:3:   layout_chaotic_city, nicolae_spider_entry_non_spiders
Lair:4:   layout_hall_layers
Lair:5:   grunt_lair_end_beastmaster, layout_cave_pods, slime_entry_2,
          basic_altar
Shoals:1: layout_shoals, serial_nicolae_subway, nicolae_sub_station_metal,
          nicolae_sub_station_crystal, nicolae_sub_station_stone
Shoals:2: layout_shoals, uniq_polyphemus
Shoals:3: layout_shoals, gammafunk_ghost_wrathful_warriors,
          nicolae_specific_store, nicolae_shoals_undead_eyrie
Shoals:4: shoals_end_hellmonk_storm_palace [storm_palace_center_circular,
          storm_palace_corner_altar, storm_palace_corner_blocked,
          storm_palace_corner_altar, storm_palace_corner_pillars]
Spider:1: layout_spider_delve
Spider:2: layout_cave_pods, nicolae_spider_eight_legs,
          hangedman_spider_tarantella_strand, uniq_roxanne, uniq_arachne
Orc:1:    layout_diamond_mine, uniq_erica
Orc:2:    st_orc_rangers, layout_caves, ebering_ghost_gozag, uniq_urug
Arena

Skill      XL: |  1  2  3  4  5  6  7  8  9 10 11 12 13 14 15 16 17 |
---------------+----------------------------------------------------+-----
Axes           | 3 4 5 6 8 9 10 12 13 15 16 17 18 19 20 | 20.0
Fighting       | 4 5 6 7 8 9 10 11 12 13 14 15 | 15.2
Ranged Weapons | 2 3 5 6 8 10 11 13 14 15 16 17 18 | 18.0
Evocations     | 2 3 5 6 7 8 9 10 | 10.3
Invocations    | 2 4 5 6 8 9 10 11 | 11.3
Armour         | 5 7 9 10 | 10.0
Throwing       | 3 5 |  5.8
Dodging        | 2 4 |  4.4
Stealth        | 1 3 |  3.6
Shields        | |  3.6

Action                   |  1- 3 |  4- 6 |  7- 9 | 10-12 | 13-15 | 16-18 || total
-------------------------+-------+-------+-------+-------+-------+-------++-------
Melee: War axe           |    64 |   106 |   144 |       |     6 |       ||   320
       Headbutt          |     4 |    12 |    36 |    65 |   159 |    94 ||   370
       Battleaxe         |       |       |   104 |   329 |   597 |   203 ||  1233
       Scimitar          |       |       |       |       |    24 |       ||    24
       Punch             |       |       |       |       |     2 |       ||     2
       Executioner's axe |       |       |       |       |       |   143 ||   143
 Fire: Sling             |       |    25 |       |       |       |       ||    25
       Shortbow          |       |       |    65 |     4 |       |       ||    69
       Arbalest          |       |       |       |   217 |   475 |   472 ||  1164
Throw: Dart              |     1 |     2 |     9 |     6 |       |       ||    18
       Boomerang         |       |       |     4 |    16 |    41 |    31 ||    92
       Javelin           |       |       |       |       |     6 |     6 ||    12
Invok: Heroism           |       |       |     9 |    30 |    30 |    31 ||   100
       Finesse           |       |       |       |     2 |     7 |     2 ||    11
       Duel              |       |       |       |       |       |     2 ||     2
Evoke: Wand              |       |     2 |     2 |    27 |     4 |    12 ||    47
       Condenser vane    |       |       |       |       |       |     1 ||     1
  Use: Scroll            |     5 |     1 |     7 |     8 |    16 |    16 ||    53
       Potion            |       |       |     2 |     7 |     8 |     6 ||    23
 Stab: Confused          |       |       |       |       |     1 |       ||     1
       Invisible         |       |       |       |       |     3 |     1 ||     4
       Distracted        |       |       |       |       |       |     1 ||     1
Armor: Scale mail        |    16 |       |       |       |       |       ||    16
       Chain mail        |     9 |    38 |   124 |   172 |   331 |   361 ||  1035
Dodge: Dodged            |    36 |    54 |   227 |   410 |   373 |   375 ||  1475
Block: Buckler           |     8 |    26 |     4 |       |       |       ||    38
       Other             |       |       |       |       |    63 |    67 ||   130
       Reflection        |       |       |       |       |     7 |     2 ||     9

Table legend: (Time is in decaauts)
 A = Elapsed time spent in this place.
 B = Non-inter-level travel time spent in this place.
 C = Inter-level travel time spent in this place.
 D = Time resting spent in this place.
 E = Time spent auto-exploring this place.
 F = Levels seen in this place.
 G = Mean time per level.
                   A        B        C        D        E       F      G
               +--------+--------+--------+--------+--------+-----+--------+
         Total |  47669 |  45667 |   2002 |  20257 |  17643 |  33 | 1444.5 |
       Dungeon |  15852 |  15169 |    683 |   3634 |   8315 |  15 | 1056.8 |
        Temple |     30 |     30 |      0 |      0 |      3 |   1 |   30.0 |
          Lair |   7720 |   7012 |    708 |   1325 |   4515 |   5 | 1544.0 |
        Shoals |  14496 |  14012 |    484 |   9581 |   2756 |   4 | 3624.0 |
   Spider Nest |   5671 |   5652 |     19 |   4243 |    885 |   2 | 2835.5 |
  Orcish Mines |   3141 |   3034 |    107 |   1415 |    803 |   2 | 1570.5 |
       Ossuary |    238 |    238 |      0 |      0 |    108 |   1 |  238.0 |
        Bailey |    493 |    493 |      0 |     42 |    258 |   1 |  493.0 |
         Arena |     24 |     24 |      0 |     15 |      0 |   2 |   12.0 |
               +--------+--------+--------+--------+--------+-----+--------+

Top non-repeatable levels by time:
Shoals:4: 6704 daAuts
Spider:1: 2941 daAuts
Shoals:1: 2846 daAuts
Spider:2: 2729 daAuts
  Lair:5: 2663 daAuts
Shoals:3: 2590 daAuts
Shoals:2: 2356 daAuts
    D:14: 2160 daAuts
   Orc:1: 1953 daAuts
    D:15: 1726 daAuts
    D:11: 1645 daAuts
  Lair:2: 1448 daAuts
    D:10: 1427 daAuts
  Lair:3: 1402 daAuts
  Lair:1: 1342 daAuts
